 Dungeon Crawl Stone Soup version 0.21.1-1-g345015f (webtiles) character file.

1390 empire the Ducker (level 8, -1/64 HPs)
             Began as a Gnoll Gladiator on Apr 10, 2018.
             Slain by a yak (10 damage)
             ... on level 5 of the Dungeon.
             The game lasted 00:09:45 (3340 turns).

empire the Ducker (Gnoll Gladiator)                 Turns: 3340, Time: 00:09:47

Health: -1/64      AC:  7    Str: 17    XL:     8   Next: 68%
Magic:  13/13      EV: 21    Int: 10    God:
Gold:   247        SH:  0    Dex: 19    Spells: 13/13 levels left

rFire    . . .     SeeInvis .   a - +1 war axe
rCold    . . .     Gourm    .   (no shield)
rNeg     . . .     Faith    .   h - +0 ring mail
rPois    .         Spirit   .   c - +1 helmet
rElec    .         Reflect  .   (no cloak)
rCorr    .         Harm     .   (no gloves)
MR       .....                  (no boots)
Stlth    ++........             (no amulet)
HPRegen  0.20/turn              i - +5 ring of evasion
MPRegen  0.13/turn              j - ring of wizardry

@: no status effects
A: distributed training, fangs 1, strong nose
a: no special abilities


You were on level 5 of the Dungeon.
You were hungry.

You visited 1 branch of the dungeon, and saw 5 of its levels.
You also visited: Sewer.

You collected 247 gold pieces.

Inventory:

Hand Weapons
 a - a +1 war axe (weapon)
Missiles
 b - 9 tomahawks
 d - 3 throwing nets (quivered)
 w - 14 javelins
 z - 12 poisoned needles
Armour
 c - a +1 helmet (worn)
 h - a +0 ring mail (worn)
Magical Staves
 e - an uncursed staff of earth
Jewellery
 i - a +5 ring of evasion (left hand)
 j - a ring of wizardry (right hand)
Wands
 x - a wand of clouds (4)
Scrolls
 k - 2 scrolls of fear
 m - a scroll of identify
 s - a scroll of enchant weapon
 u - a scroll of teleportation
 v - 2 scrolls of remove curse
 y - a scroll of amnesia {unknown}
 A - a scroll of enchant armour
Potions
 g - a potion of heal wounds
 l - a potion of resistance
 n - 2 potions of agility
 o - a potion of flight
 p - a potion of invisibility
 q - 3 potions of brilliance
 r - 2 potions of curing
 t - a potion of might
Comestibles
 f - 9 rations


   Skills:
 + Level 5.8 Fighting
 + Level 3.4 Short Blades
 + Level 3.4 Long Blades
 + Level 7.4 Axes
 + Level 3.4 Maces & Flails
 + Level 3.4 Polearms
 + Level 3.4 Staves
 + Level 3.4 Slings
 + Level 3.4 Bows
 + Level 3.4 Crossbows
 + Level 5.8 Throwing
 + Level 3.4 Armour
 + Level 7.4 Dodging
 + Level 3.4 Stealth
 + Level 3.4 Shields
 + Level 3.4 Unarmed Combat
 + Level 3.4 Spellcasting
 + Level 2.8 Conjurations
 + Level 2.8 Hexes
 + Level 2.8 Charms
 + Level 2.8 Summonings
 + Level 2.8 Necromancy
 + Level 2.8 Translocations
 + Level 2.8 Transmutations
 + Level 2.8 Fire Magic
 + Level 2.8 Ice Magic
 + Level 2.8 Air Magic
 + Level 2.8 Earth Magic
 + Level 2.8 Poison Magic
 + Level 3.7 Invocations
 + Level 3.4 Evocations


You had 13 spell levels left.
You didn't know any spells.

Dungeon Overview and Level Annotations

Branches:
Dungeon (5/15)
 Temple: D:4-7

Altars:
Ashenzari
Gozag


Innate Abilities, Weirdness & Mutations

Your experience applies equally to all skills.
You have very sharp teeth.
Your uncanny sense of smell can sniff out nearby items.


Message History

The yak barely misses you.
You closely miss the yak.
The yak is moderately wounded.
The yak completely misses you.
The giant cockroach completely misses you.
You hit the yak. You bite the yak, but do no damage.
The yak is moderately wounded.
You hit the giant cockroach.
You kill the giant cockroach!
The yak closely misses you. The yak gores you but does no damage.
You hit the yak.
The yak is heavily wounded.
You hit the yak but do no damage. The yak gores you!
You barely miss the yak. You bite the yak, but do no damage.
The yak is heavily wounded.
You closely miss the yak. You hit the yak. The yak closely misses you.
The yak gores you!
* * * LOW HITPOINT WARNING * * *
The yak gores you!
You die...

##........###...##.###...#
##........# #...##..##...#
##........# #............#.
####..###.###...................
...............#.#....).......##
....(...............Y..........#
....(...........Y....#..##.....#
..........####.#Y#...#..........
##)†..##..####.#@#...#..##...!.#
#..............YYY......# .....#
......##..##............
..........####.#.#..#####
#.##.(##..####.#.#..# #.
#..##............#
#.##........## #.# .#
..)...##..#.##.... .#
...............


You could see 5 yaks.

Vanquished Creatures
  The ghost of torrenera the Skirmisher, a novice OgFi (D:4)
  Grinder (D:3)
  A phantom (D:4)
  A big kobold (Sewer)
  2 howler monkeys
  A bullfrog skeleton (D:4)
  2 hounds
  Jessica (D:2)
  An iguana (D:4)
  2 orc wizards (D:3)
  A worker ant (D:4)
  5 gnolls
  11 river rats
  9 adders
  An ooze (D:3)
  2 worms (D:2)
  2 dart slugs
  3 leopard geckos
  12 orcs
  8 bats
  7 giant cockroaches
  6 goblins
  9 hobgoblins
  2 jackals (D:1)
  A quokka (D:3)
  7 ball pythons (Sewer)
  8 frilled lizards
  25 kobolds
  34 rats
166 creatures vanquished.

Notes
Turn   | Place    | Note
-------+----------+-------------------------------------------
     0 | D:1      | empire the Gnoll Gladiator began the quest for the Orb.
     0 | D:1      | Reached XP level 1. HP: 20/20 MP: 1/1
    43 | D:1      | Found a shattered altar of Ashenzari.
   123 | D:1      | Reached XP level 2. HP: 26/26 MP: 2/2
   277 | D:1      | Reached XP level 3. HP: 31/31 MP: 3/3
   415 | D:1      | Reached skill level 1 in Invocations
   806 | D:2      | Reached skill level 1 in Short Blades
   806 | D:2      | Reached skill level 1 in Long Blades
   806 | D:2      | Reached skill level 1 in Maces & Flails
   806 | D:2      | Reached skill level 1 in Polearms
   806 | D:2      | Reached skill level 1 in Staves
   806 | D:2      | Reached skill level 1 in Slings
   806 | D:2      | Reached skill level 1 in Bows
   806 | D:2      | Reached skill level 1 in Crossbows
   806 | D:2      | Reached skill level 1 in Armour
   806 | D:2      | Reached skill level 1 in Stealth
   806 | D:2      | Reached skill level 1 in Shields
   806 | D:2      | Reached skill level 1 in Unarmed Combat
   806 | D:2      | Reached skill level 1 in Spellcasting
   806 | D:2      | Reached skill level 1 in Evocations
   808 | D:2      | Reached XP level 4. HP: 36/38 MP: 5/5
   885 | D:2      | Found an opulent altar of Gozag.
  1171 | D:2      | Noticed Jessica
  1178 | D:2      | Killed Jessica
  1178 | D:2      | Reached skill level 1 in Conjurations
  1178 | D:2      | Reached skill level 1 in Hexes
  1178 | D:2      | Reached skill level 1 in Charms
  1178 | D:2      | Reached skill level 1 in Summonings
  1178 | D:2      | Reached skill level 1 in Necromancy
  1178 | D:2      | Reached skill level 1 in Translocations
  1178 | D:2      | Reached skill level 1 in Transmutations
  1178 | D:2      | Reached skill level 1 in Fire Magic
  1178 | D:2      | Reached skill level 1 in Ice Magic
  1178 | D:2      | Reached skill level 1 in Air Magic
  1178 | D:2      | Reached skill level 1 in Earth Magic
  1178 | D:2      | Reached skill level 1 in Poison Magic
  1366 | D:2      | Reached XP level 5. HP: 43/43 MP: 6/6
  1605 | D:3      | Found a glowing drain.
  1637 | Sewer    | Entered a sewer
  1661 | Sewer    | Reached XP level 6. HP: 29/50 MP: 8/8
  1835 | Sewer    | Reached skill level 5 in Fighting
  1835 | Sewer    | Reached skill level 5 in Throwing
  2175 | D:3      | Noticed Grinder
  2188 | D:3      | Killed Grinder
  2188 | D:3      | Reached XP level 7. HP: 32/56 MP: 10/10
  2909 | D:4      | Noticed torrenera's ghost (novice OgFi)
  2933 | D:4      | Killed torrenera's ghost
  2933 | D:4      | Reached XP level 8. HP: 45/63 MP: 12/12
  3214 | D:5      | Entered Level 5 of the Dungeon
  3312 | D:5      | Noticed a yak
  3312 | D:5      | Noticed a yak
  3313 | D:5      | Noticed a yak
  3313 | D:5      | Noticed a yak
  3314 | D:5      | Noticed a yak
  3315 | D:5      | Noticed a yak
  3340 | D:5      | Slain by a yak

Skill      XL: |  1  2  3  4  5  6  7 |
---------------+----------------------+-----
Invocations    | 1 2 3 |  3.7
Short Blades   | 1 2 3 |  3.4
Long Blades    | 1 2 3 |  3.4
Maces & Flails | 1 2 3 |  3.4
Polearms       | 1 2 3 |  3.4
Staves         | 1 2 3 |  3.4
Slings         | 1 2 3 |  3.4
Bows           | 1 2 3 |  3.4
Crossbows      | 1 2 3 |  3.4
Armour         | 1 2 3 |  3.4
Stealth        | 1 2 3 |  3.4
Shields        | 1 2 3 |  3.4
Unarmed Combat | 1 2 3 |  3.4
Spellcasting   | 1 2 3 |  3.4
Evocations     | 1 2 3 |  3.4
Conjurations   | 1 2 |  2.8
Hexes          | 1 2 |  2.8
Charms         | 1 2 |  2.8
Summonings     | 1 2 |  2.8
Necromancy     | 1 2 |  2.8
Translocations | 1 2 |  2.8
Transmutations | 1 2 |  2.8
Fire Magic     | 1 2 |  2.8
Ice Magic      | 1 2 |  2.8
Air Magic      | 1 2 |  2.8
Earth Magic    | 1 2 |  2.8
Poison Magic   | 1 2 |  2.8
Fighting       | 5 |  5.8
Throwing       | 5 |  5.8
Axes           | 7 |  7.4
Dodging        | 7 |  7.4

Action                   |  1- 3 |  4- 6 |  7- 9 || total
-------------------------+-------+-------+-------++-------
Melee: War axe           |    71 |   189 |   140 ||   400
       Bite              |     6 |    17 |    20 ||    43
       Punch             |     1 |     1 |     2 ||     4
  Use: Scroll            |       |     4 |    10 ||    14
       Potion            |       |       |     6 ||     6
 Stab: Sleeping          |     2 |       |     3 ||     5
       Distracted        |       |     1 |       ||     1
  Eat: Chunk             |       |     4 |     4 ||     8
Armor: Leather armour    |     8 |       |       ||     8
       Ring mail         |    18 |    41 |    21 ||    80
Dodge: Dodged            |    75 |   254 |   173 ||   502
